 Dungeon Crawl Stone Soup version 0.28.0-45-g0d030f2227 (webtiles) character file.

Game seed: 10918359628308639953

43 croobank the Sneak (level 3, 0/21 HPs)
             Began as an Octopode Fire Elementalist on Apr 16, 2022.
             Slain by a giant cockroach (1 damage)
             ... on level 2 of the Dungeon.
             The game lasted 00:04:06 (1547 turns).

croobank the Sneak (Octopode Fire Elementalist)     Turns: 1547, Time: 00:04:07

Health: 0/21       AC:  1    Str:  7    XL:     3   Next: 58%
Magic:  3/6        EV: 13    Int: 19    God:
Gold:   0          SH:  0    Dex: 12    Spells: 3/6 levels left

rFire   . . .      SeeInvis .   c - +2 dagger (venom)
rCold   + . .      Faith    .   (no shield)
rNeg    . . .      Spirit   .   (helmet restricted)
rPois   +          Reflect  .   (no amulet)
rElec   .          Harm     .   f - ring of protection from cold
rCorr   .          Rampage  .   e - ring of poison resistance
Will    .....                   (no ring)
Stlth   +++.......              (no ring)
HPRegen 0.07/turn               (no ring)
MPRegen 0.10/turn               (no ring)
                                (no ring)
                                (no ring)

@: attractive
A: almost no armour, amphibious, 8 rings, camouflage 1, gelatinous body 1,
(nimble swimmer 1), tentacles
a: no special abilities


You were on level 2 of the Dungeon.
You visited 1 branch of the dungeon, and saw 2 of its levels.

You collected 43 gold pieces.
You spent 43 gold pieces at shops.

Inventory:

Hand Weapons
 a - a +0 vorpal hand axe
 b - a +0 hunting sling
 c - a +2 dagger of venom (weapon)
Missiles
 i - 16 sling bullets
Jewellery
 e - a ring of poison resistance (right tentacle)
 f - a ring of protection from cold (left tentacle)
Scrolls
 d - a scroll of noise
 h - a scroll of identify {unknown}
Potions
 g - a potion of attraction


   Skills:
 + Level 2.4 Dodging
 + Level 3.4 Stealth
 + Level 2.3 Spellcasting
 + Level 1.6 Conjurations
 + Level 3.3 Fire Magic


You had 3 spell levels left.
You knew the following spells:

 Your Spells              Type           Power      Damage    Failure   Level
a - Foxfire               Conj/Fire      44%        2x1d6     6%          1
b - Scorch                Fire           28%        2d6       6%          2

Your spell library contained the following spells:

 Spells                   Type           Power      Damage    Failure   Level
 Pain                     Necr           8%         1d4       16%         1
 Conjure Flame            Conj/Fire      11%        6-21      19%         3
 Inner Flame              Hex/Fire       8%         N/A       24%         3
 Flame Wave               Conj/Fire      11%        2d5       52%         4
 Agony                    Necr           2%         N/A       99%         5
 Excruciating Wounds      Necr           1%         N/A       99%         5


Dungeon Overview and Level Annotations

Branches:
Dungeon (2/15)

Altars:

Shops:
D:1 *


Innate Abilities, Weirdness & Mutations

You cannot wear most types of armour.
You are amphibious.
You can wear up to eight rings at the same time.
Your skin changes colour to match your surroundings (Stealth+).
Your rubbery body absorbs attacks. (AC +1, EV +1)
((You are camouflaged when in or above water. (Stealth+)))
You have tentacles for arms and can constrict up to eight enemies at once.


Message History

Confirm with . or Enter, or press ? or * to list all spells.
You don't have enough magic to cast this spell.
The gnoll misses you.
You open the door.
The gnoll hits you from afar with a +0 halberd!
* * * LOW HITPOINT WARNING * * *
Casting: Scorch (safe; 6% risk of failure)
Confirm with . or Enter, or press ? or * to list all spells.
You conjure some foxfire!
The gnoll barely misses you. The gnoll misses you.
The foxfire hits the gnoll.
The gnoll is moderately wounded.
The foxfire hits the gnoll.
The gnoll is heavily wounded.
There is an open door here.
A giant cockroach comes into view.
The giant cockroach bites you but does no damage.
The giant cockroach barely misses you.
A goblin comes into view. It is wielding a +0 club.
The gnoll hits you from afar with a +0 spear.
* * * LOW HITPOINT WARNING * * *
The giant cockroach bites you.
* * * LOW HITPOINT WARNING * * *
A kobold comes into view. It is wielding a +0 club.
Found 10 stones.
A frilled lizard comes into view.
The giant cockroach bites you.
* * * LOW HITPOINT WARNING * * *
As you read the scroll labelled WIUXETZOPNI, it crumbles to dust.
You hear a loud clanging noise!
It was a scroll of noise.
The kobold shouts!
The frilled lizard hisses angrily.
You hear a shout! x3
The giant cockroach barely misses you.
The kobold throws a stone.
The stone closely misses you.
Found a rapier.
Okay, then.
Okay, then.
It was a potion of attraction.
You feel attractive to monsters. The giant cockroach bites you.
You die...

..g.
#.##.....##..........
... #.##.....# ..
###.##.....# ......
#...# ....#### ......
#...# ....... ......
#..g###....... ....#.
#..g.....l.... ......
##....B........
......
....K(...@......)
......
.......######....
...... ......... ...
...... .........
...... .........
...... ....... ......
.... ...... ......
....#.


You could see 2 gnolls, a giant cockroach, a kobold and a frilled lizard.

Vanquished Creatures
  2 gnolls (D:2)
  A dart slug (D:1)
  2 endoplasms (D:1)
  2 hobgoblins (D:1)
  5 jackals (D:1)
  2 ball pythons
  2 bats (D:1)
  3 frilled lizards (D:1)
  A goblin (D:1)
  2 kobolds (D:1)
  A rat (D:1)
23 creatures vanquished.

Vanquished Creatures (others)
  35 foxfires
35 creatures vanquished.

Grand Total: 58 creatures vanquished

Notes
Turn   | Place    | Note
-------+----------+-------------------------------------------
     0 | D:1      | croobank the Octopode Fire Elementalist began the quest for
                  | the Orb.
     0 | D:1      | Reached XP level 1. HP: 11/11 MP: 3/3
   131 | D:1      | Reached XP level 2. HP: 13/17 MP: 3/5
   449 | D:1      | Found a faded altar of an unknown god.
   476 | D:1      | You fall into a shaft and drop 1 floor!
   496 | D:1      | Learned a level 2 spell: Scorch
  1161 | D:1      | Found Zyurgh's Assorted Antiques.
  1170 | D:1      | Bought 2 bubbling dark potions for 43 gold pieces
  1180 | D:1      | Reached XP level 3. HP: 21/21 MP: 3/6
  1542 | D:2      | HP: 1/21 [giant cockroach (2)]
  1547 | D:2      | Slain by a giant cockroach

Illustrated notes

Levels and vault maps discovered:
D:1:      dpeg_arrival_round_c, layout_loops_ring,
          ebering_ecumenical_altar_sacrificial, serial_shops, shop, hex_medium,
          chequers_serial_rivers_micro_e
D:2:      layout_basic

Skill      XL: |  1  2 |
---------------+-------+-----
Stealth        | 3 |  3.4
Dodging        | |  2.4
Spellcasting   | |  2.3
Conjurations   | |  1.6
Fire Magic     | |  3.3

Action                   || total
-------------------------++-------
Melee: Hand axe          ||    16
       Constrict         ||     5
       Tentacles         ||     1
       Dagger            ||     5
 Cast: Foxfire           ||    21
       Scorch            ||     7
  Use: Scroll            ||     1
       Potion            ||     1
 Stab: Distracted        ||     1
Armor: Skin              ||     2
Dodge: Dodged            ||    27
